 Dungeon Crawl Stone Soup version 0.28.0-45-g0d030f2227 (webtiles) character file.

Game seed: 15410495686778926144

1010 101zpm the Magician (level 8, -2/49 HPs)
             Began as a Mummy Necromancer on Apr 11, 2022.
             Was a Follower of Hepliaklqana.
             Slain by a phantom (5 damage)
             ... on level 6 of the Dungeon.
             The game lasted 00:38:37 (8839 turns).

101zpm the Magician (Mummy Necromancer)             Turns: 8839, Time: 00:38:37

Health: -2/49      AC:  5    Str: 11    XL:     8   Next: 1%
Magic:  17/19      EV: 11    Int: 16    God:    Hepliaklqana [*.....]
Gold:   255        SH:  0    Dex: 13    Spells: 9/22 levels left

rFire   x . .      SeeInvis .   c - +0 whip
rCold   + . .      Faith    .   (no shield)
rNeg    + + +      Spirit   .   o - +1 leather armour {Will+}
rPois   ∞          Reflect  .   (no helmet)
rElec   .          Harm     .   (no cloak)
rCorr   .          Rampage  .   q - +0 pair of gloves
Will    ++...                   (no boots)
Stlth   ++........              j - amulet of magic regeneration
HPRegen 0.16/turn               (no ring)
MPRegen 0.56/turn               (no ring)

@: studying Polearms
A: reduced essence, cold resistance 1, negative energy resistance 3, torment
resistance 2, heat vulnerability 1, no potions
a: Renounce Religion, Recall Ancestor, Ancestor Identity


You were on level 6 of the Dungeon.
You worshipped Hepliaklqana.
Hepliaklqana was aware of your devotion.
You visited 2 branches of the dungeon, and saw 7 of its levels.

You collected 255 gold pieces.

Inventory:

Hand Weapons
 c - a +0 whip (weapon)
 p - a +0 whip
Missiles
 k - 18 bolts
 l - 87 arrows
 m - 143 stones
Armour
 a - a +0 robe
 b - a +0 robe
 o - a +1 leather armour of willpower (worn)
 q - a +0 pair of gloves (worn)
Jewellery
 j - an amulet of magic regeneration (around neck)
 r - a +6 ring of dexterity
Wands
 i - a wand of flame (9) (quivered)
 n - a wand of acid (9)
Scrolls
 d - 2 scrolls of teleportation
 e - a scroll of enchant armour
 f - 3 scrolls of identify
 g - 2 scrolls of fear
 h - 2 scrolls of enchant weapon


   Skills:
 + Level 1.7 Fighting
 + Level 0.2 Maces & Flails
 + Level 1.0 Armour
 + Level 1.9 Dodging
 + Level 2.1 Stealth
 + Level 7.5 Spellcasting
 + Level 0.2 Conjurations
 + Level 7.1 Necromancy
 + Level 0.9 Transmutations
 + Level 0.3 Fire Magic
 + Level 0.2 Earth Magic


You had 9 spell levels left.
You knew the following spells:

 Your Spells              Type           Power      Damage    Failure   Level
a - Pain                  Necr           100%       1d9       1%          1
b - Animate Skeleton      Necr           56%        N/A       1%          1
c - Passwall              Tmut/Erth      5%         N/A       19%         2
d - Sandblast             Erth           12%        2d6       14%         1
e - Vampiric Draining     Necr           28%        2d8       2%          3
f - Foxfire               Conj/Fire      24%        2x1d5     14%         1
g - Animate Dead          Necr           14%        N/A       9%          4

Your spell library contained the following spells:

 Spells                   Type           Power      Damage    Failure   Level
 Dispel Undead            Necr           28%        3d13      9%          4
 Static Discharge         Conj/Air       6%         N/A       22%         2
 Agony                    Necr           28%        N/A       24%         5
 Conjure Flame            Conj/Fire      6%         6-21      38%         3
 Stone Arrow              Conj/Erth      12%        3d7       38%         3
 Inner Flame              Hex/Fire       6%         N/A       41%         3
 Ozocubu's Armour         Ice            6%         N/A       43%         3
 Flame Wave               Conj/Fire      6%         2d5       80%         4
 Sticky Flame             Conj/Fire      6%         2d3       80%         4
 Ozocubu's Refrigeration  Ice            3%         4d5       100%        7


Dungeon Overview and Level Annotations

Branches:
Dungeon (6/15)             Temple (1/1) D:6

Altars:
Ashenzari
Cheibriados
Dithmenos
Elyvilon
Gozag
Hepliaklqana
Kikubaaqudgha
Makhleb
Nemelex Xobeh
Okawaru
Qazlal
Ru
Sif Muna
Uskayaw
Vehumet
Wu Jian
Xom
Zin
The Shining One
Ignis

Shops:
D:4 *


Innate Abilities, Weirdness & Mutations

Your life essence is reduced to manifest your ancestor. (-10% HP)
You are immune to poison.
Your flesh is cold resistant. (rC+)
You are immune to negative energy. (rN+++)
You are immune to unholy pain and torment.
You are vulnerable to heat. (rF-)
You do not drink.


Message History

Aiming: Sandblast (safe; 14% risk of failure)
Press: ? - help, Shift-Dir - straight line, f/p - phantom
Aim: a phantom (severely damaged, ally target, 69% to hit)
The blast of sand hits the phantom but does no damage.
The phantom is severely damaged.
m - 144 stones The phantom hits you but does no damage.
Casting: Sandblast (safe; 14% risk of failure)
Confirm with . or Enter, or press ? or * to list all spells.
Aiming: Sandblast (safe; 14% risk of failure)
Press: ? - help, Shift-Dir - straight line, f/p - phantom
Aim: a phantom (severely damaged, ally target, 69% to hit)
The blast of sand hits the phantom but does no damage.
The phantom is severely damaged.
m - 143 stones The phantom closely misses you.
Eanasir hits the phantom.
You barely miss the phantom.
The phantom is severely damaged.
The phantom hits you.
* * * LOW HITPOINT WARNING * * *
Eanasir hits the phantom but does no damage.
You miss the phantom.
The phantom is severely damaged.
The phantom hits you.
* * * LOW HITPOINT WARNING * * *
The phantom blinks!
You blink.
Aiming: Throw Flame
Press: ? - help, Shift-Dir - straight line, f/p - phantom
Aim: a phantom (severely damaged, ally target, 56% to hit)
The puff of flame hits the phantom.
The phantom is almost destroyed.
The phantom hits you.
* * * LOW HITPOINT WARNING * * *
Aiming: Pain (safe; 1% risk of failure)
Press: ? - help, Q - select action, (/) - cycle Shift-Dir - straight line, f - you, p - phantom
Okay, then.
You miss the phantom.
The phantom is almost destroyed.
The phantom hits you.
You die...

### ### #<# ###W#
#.# #.@.# #.# #.#.#
#.# #.#.# #.# #.#.#
##.# #.#R#
...####### #.#.#
.........## #.#.#
.#........# #.#.#
############
.#........#####.#.#
#...........


You could see the friendly Eanasir the ancestor and a phantom (ally target).

Vanquished Creatures
  Sigmund (D:3)
  A black bear (D:5)
  A kobold brigand (D:5)
  2 scorpions
  A centaur zombie (D:5)
  4 hounds
  2 jellies
  A centaur skeleton (D:5)
  Ijyb (D:5)
  Terence (D:3)
  3 orc wizards
  7 adders
  A shadow imp (D:6)
  An adder skeleton (D:4)
  3 worms
  3 dart slugs
  11 orcs
  7 bats
  7 endoplasms
  2 giant cockroaches
  7 goblins
  8 hobgoblins
  14 kobolds
  4 quokkas
  7 ball pythons
  2 frilled lizards (D:1)
  3 rats
105 creatures vanquished.

Vanquished Creatures (collateral kills)
  A jelly (D:6)
1 creature vanquished.

Vanquished Creatures (others)
  18 foxfires
18 creatures vanquished.

Grand Total: 124 creatures vanquished

Notes
Turn   | Place    | Note
-------+----------+-------------------------------------------
     0 | D:1      | 101zpm the Mummy Necromancer began the quest for the Orb.
     0 | D:1      | Reached XP level 1. HP: 13/13 MP: 4/4
   366 | D:1      | Reached XP level 2. HP: 19/19 MP: 2/5
  1660 | D:2      | Reached XP level 3. HP: 24/24 MP: 5/7
  2282 | D:3      | Learned a level 1 spell: Animate Skeleton
  2304 | D:3      | Noticed Sigmund
  2777 | D:4      | Reached skill level 5 in Necromancy
  2777 | D:4      | Reached XP level 4. HP: 22/30 MP: 2/10
  3378 | D:4      | Found Enajosuf's General Store.
  3591 | D:4      | Reached XP level 5. HP: 33/35 MP: 4/11
  3736 | D:4      | Found a broken altar of Ashenzari.
  4302 | D:2      | HP: 1/35 [something (3)]
  5007 | D:3      | Found a sacrificial altar of Ru.
  5042 | D:3      | Found an ancient bone altar of Kikubaaqudgha.
  5044 | D:3      | Reached skill level 5 in Spellcasting
  5598 | D:2      | Learned a level 2 spell: Passwall
  5600 | D:2      | Learned a level 1 spell: Sandblast
  5604 | D:2      | Learned a level 3 spell: Vampiric Draining
  5855 | D:3      | Killed Sigmund
  5856 | D:3      | Reached XP level 6. HP: 41/41 MP: 9/14
  6057 | D:3      | Noticed Terence
  6065 | D:3      | Killed Terence
  6196 | D:5      | Entered Level 5 of the Dungeon
  6196 | D:5      | Noticed a water moccasin
  6617 | D:5      | Reached skill level 1 in Fighting
  6705 | D:5      | Noticed Ijyb
  6706 | D:5      | Reached XP level 7. HP: 48/48 MP: 12/16
  6722 | D:5      | Killed Ijyb
  6792 | D:5      | Found a shimmering altar of Xom.
  6792 | D:5      | Found a hide-covered altar of Uskayaw.
  6804 | D:5      | Found a hazy altar of Hepliaklqana.
  6904 | D:5      | Became a worshipper of Hepliaklqana the Forgotten
  6961 | D:5      | Found a shimmering blue altar of Sif Muna.
  7660 | D:5      | Learned a level 1 spell: Foxfire
  7877 | D:5      | Learned a level 4 spell: Animate Dead
  8337 | D:6      | Found a staircase to the Ecumenical Temple.
  8374 | D:6      | Noticed a steam dragon
  8392 | D:6      | Reached skill level 1 in Armour
  8393 | Temple   | Entered the Ecumenical Temple
  8581 | D:6      | Reached * piety under Hepliaklqana
  8664 | D:6      | Reached XP level 8. HP: 43/49 MP: 19/19
  8839 | D:6      | Slain by a phantom

Illustrated notes

Levels and vault maps discovered:
D:1:      dpeg_arrival_short_road, layout_loops_ring
D:2:      layout_basic, skrybe_limestone_x, minmay_surrounded
D:3:      cheibrodos_helix_gallery, layout_loops_ring,
          mainiacjoe_overflow_alcove_2, nicolae_ru_the_path_less_chosen,
          kennysheep_generic_room_11, uniq_terence, uniq_sigmund
D:4:      layout_basic, nicolae_ashenzari_panopticon, nicolae_stop_n_shop_1,
          kennysheep_cross_room
D:5:      layout_loops_cross, mainiacjoe_overflow_small_starburst,
          chequers_temple_overflow_statue_of_worship, nicolae_fountain_basement,
          uniq_ijyb
D:6:      layout_basic, yredelemnul_forgotten_temple_becter,
          minmay_temple_entry_mini_moons, nrook_campfire, kennysheep_potato,
          uniq_pikel
Temple:   pdpol_scorched_temple

Skill      XL: |  1  2  3  4  5  6  7 |
---------------+----------------------+-----
Spellcasting   | 3 4 5 6 7 |  7.5
Necromancy     | 5 6 7 |  7.1
Stealth        | 2 |  2.1
Fighting       | 1 |  1.7
Armour         | 1 |  1.0
Maces & Flails | |  0.2
Dodging        | |  1.9
Conjurations   | |  0.2
Transmutations | |  0.9
Fire Magic     | |  0.3
Earth Magic    | |  0.2

Action                   |  1- 3 |  4- 6 |  7- 9 || total
-------------------------+-------+-------+-------++-------
Melee: Unarmed           |     1 |       |       ||     1
       Whip              |    20 |    13 |    14 ||    47
Throw: Stone             |       |     1 |       ||     1
 Cast: Pain              |    99 |   112 |    52 ||   263
       Animate Skeleton  |     1 |     3 |     1 ||     5
       Vampiric Draining |       |     3 |     9 ||    12
       Sandblast         |       |     1 |    16 ||    17
       Foxfire           |       |       |    13 ||    13
       Passwall          |       |       |     2 ||     2
Evoke: Wand              |       |       |     1 ||     1
  Use: Scroll            |     1 |     3 |       ||     4
Armor: Robe              |     9 |     6 |       ||    15
       Leather armour    |       |       |    36 ||    36
Dodge: Dodged            |    33 |    26 |    51 ||   110
